 Dungeon Crawl Stone Soup version 0.21.1-1-g345015fe64 (webtiles) character file.

44521 Oravi the Slicer (level 14, 0/101 HPs)
             Began as a Halfling Fighter on Mar 25, 2018.
             Was an Elder of Okawaru.
             Slain by an orc warrior
             ... wielding a +0 war axe
              (16 damage)
             ... on level 2 of the Orcish Mines on Mar 26, 2018.
             The game lasted 03:31:54 (25229 turns).

Oravi the Slicer (Halfling Fighter)                Turns: 25229, Time: 03:31:54

Health: 0/101      AC: 20    Str: 20      XL:     14   Next: 66%
Magic:  17/17      EV: 27    Int:  4 (6)  God:    Okawaru [****..]
Gold:   1504       SH: 16    Dex: 22      Spells: 13/13 levels left

rFire    + . .     SeeInvis .   a - +0 rapier
rCold    . . .     Gourm    .   c - +0 shield
rNeg     . . .     Faith    +   H - +5 ring mail of the Lost Spirits {+Blink}
rPois    +         Spirit   .   z - +0 helmet
rElec    .         Reflect  .   N - +1 cloak {rPois}
rCorr    .         Harm     .   p - +0 pair of gloves
MR       +....                  h - +0 pair of boots
Stlth    +++.......             D - amulet of faith
HPRegen  0.26/turn              d - +6 ring of dexterity
MPRegen  0.15/turn              v - ring of protection from fire

@: heroism
A: small, mutation resistance 1
a: Heroism, Renounce Religion, Evoke Blink


You were on level 2 of the Orcish Mines.
You worshipped Okawaru.
Okawaru was greatly pleased with you.
You were not hungry.

You visited 4 branches of the dungeon, and saw 17 of its levels.

You collected 1609 gold pieces.
You spent 105 gold pieces at shops.

Inventory:

Hand Weapons
 a - a +0 rapier (weapon)
 b - a +5 hunting sling of velocity
 T - the +1 shortbow of Corruption {velocity, rF+ Str+3 SInv, unknown}
   (Okawaru gifted it to you on level 12 of the Dungeon)

   Any arrow fired from it inflicts extra damage.
   It affects your strength (+3).
   It protects you from fire.
   It lets you see invisible.
Missiles
 e - 443 stones (quivered)
 r - 10 sling bullets
Armour
 c - a +0 shield (worn)
 h - a +0 pair of boots (worn)
 k - a +6 scale mail
 p - a +0 pair of gloves (worn)
 w - a +0 hat
 z - a +0 helmet (worn)
 B - a +1 chain mail of fire resistance
 H - the +5 ring mail of the Lost Spirits (worn) {+Blink}
   (You found it on level 10 of the Dungeon)

   It lets you blink.
 K - a +4 plate armour
 N - a +1 cloak of poison resistance (worn)
 S - a scarf of cloud immunity
Jewellery
 d - a +6 ring of dexterity (left hand)
 j - an uncursed ring of ice
 v - a ring of protection from fire (right hand)
 D - an amulet of faith (around neck)
 M - an uncursed ring of magical power
Wands
 x - a wand of flame (31)
 I - a wand of iceblast (4)
 O - a wand of paralysis (32)
 Q - a wand of random effects (12)
Scrolls
 i - 2 scrolls of identify
 m - 9 scrolls of amnesia
 n - 4 scrolls of teleportation
 o - 2 scrolls of vulnerability
 q - 6 scrolls of remove curse
 y - 2 scrolls of fear
 A - a scroll of blinking
 E - a scroll of magic mapping {unknown}
 F - 2 scrolls of fog
Potions
 g - 3 potions of lignification
 l - 3 potions of brilliance
 t - a potion of cancellation
 u - 2 potions of ambrosia
 G - a potion of haste
 P - 3 potions of mutation
Books
 s - a book of Necromancy

   Spells                             Type                      Level
   a - Pain                           Necromancy                   1
   b - Animate Skeleton               Necromancy                   1
   c - Vampiric Draining              Necromancy                   3
   d - Regeneration                   Charms/Necromancy            3
   e - Animate Dead                   Necromancy                   4
   f - Borgnjor's Vile Clutch         Necromancy/Earth             5
 C - a book of Flames

   Spells                             Type                      Level
   a - Flame Tongue                   Conjuration/Fire             1
   b - Throw Flame                    Conjuration/Fire             2
   c - Conjure Flame                  Conjuration/Fire             3
   d - Inner Flame                    Hexes/Fire                   3
   e - Sticky Flame                   Conjuration/Fire             4
   f - Fireball                       Conjuration/Fire             5
 J - a book of Flames

   Spells                             Type                      Level
   a - Flame Tongue                   Conjuration/Fire             1
   b - Throw Flame                    Conjuration/Fire             2
   c - Conjure Flame                  Conjuration/Fire             3
   d - Inner Flame                    Hexes/Fire                   3
   e - Sticky Flame                   Conjuration/Fire             4
   f - Fireball                       Conjuration/Fire             5
 L - a book of Minor Magic

   Spells                             Type                      Level
   a - Magic Dart                     Conjuration                  1
   b - Blink                          Translocation                2
   c - Call Imp                       Summoning                    2
   d - Slow                           Hexes                        2
   e - Conjure Flame                  Conjuration/Fire             3
   f - Mephitic Cloud                 Conjuration/Poison/Air       3
 U - a book of Conjurations

   Spells                             Type                      Level
   a - Magic Dart                     Conjuration                  1
   b - Searing Ray                    Conjuration                  2
   c - Dazzling Spray                 Conjuration/Hexes            3
   d - Fulminant Prism                Conjuration/Hexes            4
   e - Force Lance                    Conjuration/Translocation    4
   f - Iskenderun's Mystic Blast      Conjuration                  4
Comestibles
 f - 21 rations
 V - 2 chunks of flesh


   Skills:
 + Level 11.0(16.0) Fighting
 + Level 13.8(18.8) Short Blades
 + Level 12.8(17.8) Slings
 + Level 9.0(14.0) Armour
 + Level 9.5(14.5) Dodging
 + Level 12.0(17.0) Shields
 + Level 4.4 Invocations
 + Level 0.2 Evocations


You had 13 spell levels left.
You didn't know any spells.

Dungeon Overview and Level Annotations

Branches:
Dungeon (12/15)            Temple (1/1) D:5            Lair (2/6) D:11
    Orc (2/2) D:12
  Swamp: Lair:2-4    Shoals: Lair:2-4     Snake: Lair:2-4    Spider: Lair:2-4
    Elf: Orc:2

Altars:
Ashenzari
Cheibriados
Dithmenos
Elyvilon
Fedhas
Gozag
Hepliaklqana
Kikubaaqudgha
Makhleb
Nemelex Xobeh
Okawaru
Qazlal
Ru
Sif Muna
Trog
Uskayaw
Vehumet
Wu Jian
Xom
Yredelemnul
Zin
The Shining One

Shops:
D:6 ?   Orc:2 %!

Annotations:
D:3 davido123's ghost, amateur TrBe


Innate Abilities, Weirdness & Mutations

You are small and have problems with some larger weapons.
You are somewhat resistant to further mutation.


Message History

You kill the orc!
Firing (i - inventory. (,) - cycle):
r - 11 sling bullets (quivered)
Press: ? - help, Shift-Dir - straight line, f/p - orc warrior
Aim: an orc warrior, wielding a war axe and wearing a plate armour (moderately wounded)
You shoot a sling bullet.
The sling bullet hits the orc warrior but does no damage.
The orc warrior is moderately wounded.
Firing (i - inventory. (,) - cycle):
r - 10 sling bullets (quivered)
Press: ? - help, Shift-Dir - straight line, f/p - orc warrior
Aim: an orc warrior, wielding a war axe and wearing a plate armour (moderately wounded)
Okay, then.
a - a +0 rapier (weapon)
The orc warrior completely misses you.
You are too injured to fight recklessly!
You closely miss the orc warrior.
The orc warrior is moderately wounded.
You hit the orc warrior.
The orc warrior is moderately wounded.
The orc warrior hits you with a war axe!
You die...

#..$.........
##..
#..........(#.
##..#
.........(...
##..##
........(†..
##.....
......((..
##....#.
#.....o.$.
##...#...
#....(#
.###∩.#..)..
#..o#..#
#.....#..#
#.@..#
##∩.#.....
#.....#
##...#...
##....#
##.[..#.
###.## ##..)..
## ### ##[)##
##.## ##.[#
#...# ##.)
##.## ##[
###.#########


You could see an orc warrior and an orc.

Vanquished Creatures
  Gastronok (D:9)
  Snorg (Orc:1)
  Erolcha (Orc:2)
  5 hydras
  The ghost of Balth the Thaumaturge, a journeyman GnSk of Hepliaklqana (D:11)
  7 two-headed ogres
  5 orc high priests (Orc:2)
  The ghost of KleinerIrrer the Martial Artist, a novice OpTm of Wu Jian (D:10)
  A sixfirhy (Orc:2)
  2 gelid demonspawn (Orc:2)
  4 orc knights (Orc:2)
  An oklob plant (D:7)
  4 orc sorcerers (Orc:2)
  A cyclops (D:11)
  2 gargoyles (D:12)
  A rust devil (Orc:2)
  3 spiny frogs (Lair:1)
  A kobold demonologist (D:11)
  6 komodo dragons
  A hellwing (Orc:2)
  2 hornets
  2 trolls
  4 blink frogs
  4 hippogriffs
  2 ynoxinuls (Orc:2)
  21 yaks
  A wyvern (D:8)
  Grum (D:10)
  A warg (D:12)
  A soldier ant (D:11)
  2 water moccasins (Lair:1)
  6 porcupines
  25 orc warriors
  4 sky beasts
  9 ice beasts
  A black bear (D:4)
  An eye of draining (D:10)
  5 phantoms
  A necrophage (D:12)
  7 ogres
  3 wolves (D:10)
  2 centaurs
  3 crocodiles
  4 big kobolds
  9 bullfrogs
  3 wyvern zombies
  A gnoll sergeant (D:9)
  2 wyvern skeletons
  5 scorpions
  11 killer bees
  11 wights
  4 howler monkeys
  4 crimson imps
  3 jellies
  2 quasits
  4 centaur zombies
  2 bullfrog zombies
  3 centaur skeletons
  2 gnoll shamans
  24 orc priests
  10 hounds
  21 orc wizards
  3 bullfrog skeletons
  11 worker ants
  8 iguanas
  A hound zombie (D:10)
  A hound skeleton (D:5)
  A howler monkey zombie (D:7)
  14 gnolls
  A worker ant zombie (D:9)
  7 adders
  2 shadow imps
  10 oozes
  2 adder zombies (D:6)
  2 adder skeletons
  4 worms
  2 dart slugs
  8 leopard geckos
  87 orcs
  7 bats
  5 giant cockroaches
  7 goblins
  11 hobgoblins
  21 jackals
  3 quokkas
  5 ball pythons
  6 frilled lizards
  25 kobolds
  A leopard gecko zombie (D:8)
  2 quokka zombies
  10 rats
549 creatures vanquished.

Vanquished Creatures (others)
  9 fungi (D:3)
  10 plants
  8 toadstools (D:3)
27 creatures vanquished.

Grand Total: 576 creatures vanquished

Notes
Turn   | Place    | Note
-------+----------+-------------------------------------------
     0 | D:1      | Oravi the Halfling Fighter began the quest for the Orb.
     0 | D:1      | Reached XP level 1. HP: 15/15 MP: 1/1
   188 | D:1      | Reached XP level 2. HP: 20/20 MP: 2/2
   466 | D:1      | Reached skill level 3 in Short Blades
   466 | D:1      | Reached XP level 3. HP: 23/25 MP: 3/3
   835 | D:1      | Reached XP level 4. HP: 30/30 MP: 4/4
  1309 | D:2      | Reached skill level 1 in Dodging
  1618 | D:2      | Found a glowing golden altar of the Shining One.
  2228 | D:3      | Reached skill level 4 in Short Blades
  2228 | D:3      | Reached XP level 5. HP: 32/36 MP: 5/5
  2279 | D:3      | Found a shimmering altar of Xom.
  2281 | D:3      | Found a shimmering altar of Xom.
  2292 | D:3      | Found a shimmering altar of Xom.
  2306 | D:3      | Found a shimmering altar of Xom.
  2318 | D:3      | Found a shimmering altar of Xom.
  2630 | D:2      | Reached XP level 6. HP: 19/42 MP: 6/6
  2864 | D:3      | Reached skill level 5 in Short Blades
  3035 | D:3      | Noticed davido123's ghost (amateur TrBe)
  4236 | D:2      | Reached XP level 7. HP: 23/46 MP: 7/7
  4743 | D:3      | Found a shimmering altar of Xom.
  4744 | D:3      | Found a shimmering altar of Xom.
  4799 | D:4      | Reached skill level 6 in Short Blades
  5679 | D:4      | Reached skill level 5 in Shields
  5997 | D:5      | Entered Level 5 of the Dungeon
  6012 | D:5      | Reached skill level 7 in Short Blades
  6012 | D:5      | Reached XP level 8. HP: 50/54 MP: 8/8
  6098 | D:5      | Reached skill level 5 in Armour
  6589 | D:5      | You fall through a shaft!
  6605 | D:6      | Found Zin Kamy's Magic Scroll Emporium.
  6611 | D:6      | Bought a scroll of enchant armour for 105 gold pieces
  6678 | D:6      | Reached skill level 1 in Slings
  6930 | D:6      | Reached skill level 8 in Short Blades
  6952 | D:6      | Reached skill level 9 in Short Blades
  6952 | D:6      | Reached XP level 9. HP: 38/62 MP: 9/9
  7208 | D:6      | Reached XP level 10. HP: 68/68 MP: 10/10
  7247 | D:6      | Found a glowing silver altar of Zin.
  8115 | D:5      | Found a staircase to the Ecumenical Temple.
  8122 | Temple   | Entered the Ecumenical Temple
  8129 | Temple   | Became a worshipper of Warmaster Okawaru
  8284 | D:5      | Found a basalt altar of Yredelemnul.
  8320 | D:5      | Found a glowing golden altar of the Shining One.
  8361 | D:5      | Found a white marble altar of Elyvilon.
  8362 | D:5      | Found a blossoming altar of Fedhas.
  8362 | D:5      | Found a hazy altar of Hepliaklqana.
  8432 | D:5      | Noticed an angel
  9503 | D:7      | Found a blossoming altar of Fedhas.
  9540 | D:7      | Found an ancient bone altar of Kikubaaqudgha.
  9540 | D:7      | Noticed an oklob plant
 10833 | D:7      | Reached * piety under Okawaru
 10833 | D:7      | Reached skill level 10 in Short Blades
 11231 | D:8      | Noticed a two-headed ogre
 11261 | D:8      | Killed a two-headed ogre
 11267 | D:8      | Reached skill level 10 in Slings
 11303 | D:8      | Reached ** piety under Okawaru
 11418 | D:8      | Reached XP level 11. HP: 74/74 MP: 11/11
 12401 | D:9      | Noticed a two-headed ogre
 12438 | D:9      | Killed a two-headed ogre
 12438 | D:9      | Reached *** piety under Okawaru
 12972 | D:9      | Noticed a two-headed ogre
 12982 | D:9      | Killed a two-headed ogre
 12982 | D:9      | Received a gift from Okawaru
 13118 | D:9      | Noticed Gastronok
 13146 | D:9      | Killed Gastronok
 13146 | D:9      | Reached **** piety under Okawaru
 13146 | D:9      | Received a gift from Okawaru
 13146 | D:9      | Reached ***** piety under Okawaru
 13685 | D:7      | Killed an oklob plant
 14015 | D:10     | Entered Level 10 of the Dungeon
 14016 | D:10     | Noticed Grum
 14053 | D:10     | Killed Grum
 14275 | D:10     | Reached skill level 1 in Invocations
 14278 | D:10     | Got an ichor-stained ring mail
 14289 | D:10     | Identified the +5 ring mail of the Lost Spirits {+Blink} (You found it on level 10 of the Dungeon)
 14466 | D:10     | Reached skill level 11 in Short Blades
 14517 | D:10     | Reached XP level 12. HP: 82/82 MP: 12/12
 14521 | D:10     | Noticed KleinerIrrer's ghost (novice OpTm)
 14529 | D:10     | Killed KleinerIrrer's ghost
 14783 | D:10     | Found an ornate altar of the Wu Jian Council.
 14851 | D:10     | Received a gift from Okawaru
 14877 | D:11     | Noticed Balth's ghost (journeyman GnSk)
 14880 | D:11     | Noticed a two-headed ogre
 14992 | D:11     | Received a gift from Okawaru
 15005 | D:11     | Noticed a two-headed ogre
 15538 | D:11     | Noticed a six-headed hydra
 15569 | D:10     | Received a gift from Okawaru
 15645 | D:10     | Killed a two-headed ogre
 15659 | D:10     | Killed a six-headed hydra
 15890 | D:11     | Noticed a five-headed hydra
 15900 | D:11     | Killed a two-headed ogre
 15900 | D:11     | Reached skill level 10 in Shields
 15914 | D:11     | Killed a five-headed hydra
 15924 | D:11     | Reached skill level 12 in Short Blades
 16009 | D:11     | Killed Balth's ghost
 16055 | D:11     | Reached XP level 13. HP: 70/90 MP: 14/14
 16378 | D:11     | Found a staircase to the Lair.
 16908 | Lair:1   | Entered Level 1 of the Lair of Beasts
 18538 | Lair:1   | Received a gift from Okawaru
 18976 | Lair:2   | Noticed an eight-headed hydra
 19003 | Lair:1   | Killed an eight-headed hydra
 19003 | Lair:1   | Received a gift from Okawaru
 19280 | Lair:2   | Noticed a seven-headed hydra
 19287 | Lair:2   | Noticed a five-headed hydra
 19313 | Lair:1   | Killed a seven-headed hydra
 19598 | Lair:1   | Reached skill level 10 in Fighting
 20025 | Lair:2   | Noticed a six-headed hydra
 20442 | D:12     | Received a gift from Okawaru
 20446 | D:12     | Got a crystal shortbow {god gift}
 20599 | D:12     | Found a staircase to the Orcish Mines.
 21088 | D:12     | Noticed a five-headed hydra
 21104 | D:12     | Killed a five-headed hydra
 21104 | D:12     | Reached skill level 13 in Short Blades
 21422 | Orc:1    | Entered Level 1 of the Orcish Mines
 21545 | D:12     | Reached XP level 14. HP: 80/99 MP: 16/16
 21769 | Orc:1    | Noticed Snorg
 21806 | Orc:1    | Killed Snorg
 22021 | Orc:2    | Entered Level 2 of the Orcish Mines
 22403 | Orc:2    | Noticed Erolcha
 22674 | Orc:2    | Killed Erolcha
 23139 | Orc:2    | Received a gift from Okawaru
 23511 | Orc:2    | Found Agudit's Distillery.
 23525 | Orc:2    | Found Hepner's Food Shop.
 24609 | Orc:2    | Paralysed by an orc sorcerer for 6 turns
 25207 | Orc:2    | Paralysed by an orc sorcerer for 3 turns
 25229 | Orc:2    | Slain by an orc warrior

Skill      XL: |  1  2  3  4  5  6  7  8  9 10 11 12 13 14 |
---------------+-------------------------------------------+-----
Short Blades   | 3 4 5 7 9 10 11 12 13 | 13.8
Fighting       | 3 6 7 9 10 11 | 11.0
Dodging        | 1 2 6 7 8 9 |  9.5
Shields        | 4 5 8 9 10 11 12 | 12.0
Armour         | 4 7 8 9 |  9.0
Slings         | 7 10 12 | 12.8
Invocations    | 1 2 3 4 |  4.4
Evocations     | |  0.2

Action                   |  1- 3 |  4- 6 |  7- 9 | 10-12 | 13-15 || total
-------------------------+-------+-------+-------+-------+-------++-------
Melee: Rapier            |   100 |   268 |   286 |   664 |  1022 ||  2340
       Hunting sling     |       |       |       |       |     1 ||     1
 Fire: Hunting sling     |       |       |    57 |   689 |   564 ||  1310
Invok: Heroism           |       |       |       |    13 |    21 ||    34
       Finesse           |       |       |       |     3 |     7 ||    10
 Abil: Evoke Blink       |       |       |       |       |     2 ||     2
Evoke: Wand              |       |       |       |     3 |       ||     3
  Use: Scroll            |       |     6 |     5 |     6 |     9 ||    26
       Potion            |       |     1 |     3 |     1 |     3 ||     8
 Stab: Distracted        |       |     1 |       |       |     1 ||     2
  Eat: Chunk             |       |    10 |    11 |    13 |    22 ||    56
       Ration            |       |       |       |     4 |     2 ||     6
Armor: Scale mail        |    29 |    75 |   110 |    94 |       ||   308
       Ring mail         |       |       |       |    40 |   139 ||   179
Dodge: Dodged            |    30 |    76 |   104 |   288 |   470 ||   968
Block: Shield            |    53 |   115 |   154 |   385 |   517 ||  1224
